 Dungeon Crawl Stone Soup version 0.30-a0-696-g2367cd04db (webtiles) character file.

Game seed: 5057368787610369692

11 Newt the Ducker (level 2, -1/22 HPs)
             Began as a Demonspawn Gladiator on Jan 20, 2023.
             Slain by Sigmund
             ... wielding a +1 scythe of freezing
              (12 damage)
             ... on level 2 of the Dungeon.
             The game lasted 00:01:09 (1173 turns).

Newt the Ducker (Demonspawn Gladiator)              Turns: 1173, Time: 00:01:10

Health: -1/22      AC:  5    Str: 14    XL:     2   Next: 13%
Magic:  2/2        EV: 12    Int:  9    God:
Gold:   103        SH:  0    Dex: 14    Spells: 1/1 levels left

rFire   + . .      SeeInvis .    a - +0 rapier
rCold   . . .      Faith    .    (no shield)
rNeg    . . .      Spirit   .    f - +1 leather armour {rF+}
rPois   .          Reflect  .    (helmet restricted)
rElec   .          Harm     .    p - +0 cloak
rCorr   +          Rampage  .    (no gloves)
Will    .....                    (no boots)
Stlth   +                        (no amulet)
HPRegen 0.23/turn                i - +4 ring of slaying
MPRegen 0.08/turn                j - ring of resist corrosion

@: confused
A: antennae 1
a: no special abilities


You were on level 2 of the Dungeon.
You visited 1 branch of the dungeon, and saw 2 of its levels.

You collected 103 gold pieces.

Inventory:

Hand Weapons
 a - a +0 rapier (weapon)
Missiles
 d - 3 throwing nets (quivered)
 e - a javelin
Armour
 b - a +0 leather armour
 c - a +0 helmet
 f - a +1 leather armour of fire resistance (worn)
 p - a +0 cloak (worn)
Jewellery
 i - a +4 ring of slaying (left hand)
 j - a ring of resist corrosion (right hand)
Scrolls
 g - a scroll of magic mapping
 m - 3 scrolls of teleportation
Potions
 l - a potion of lignification
 n - a potion of degeneration {unknown}
 o - a potion of attraction {unknown}


   Skills:
 - Level 2.0 Fighting
 - Level 2.6 Short Blades
 - Level 1.7 Throwing
 - Level 2.6 Dodging
 + Level 1.8 Stealth


You had one spell level left.
You didn't know any spells.
Your spell library was empty.

Dungeon Overview and Level Annotations

Branches:
Dungeon (2/15)

Altars:

Shops:
D:1 (

Annotations:
D:2 Sigmund


Innate Abilities, Weirdness & Mutations

You have a pair of small antennae on your head.


Message History

Found a ring mail.
Your library has no spells.
You see here a +0 ring mail.
You now have 88 gold pieces (gained 5).
m - 3 scrolls of teleportation (gained 1)
You now have 96 gold pieces (gained 8).
You open the door.
There is an open door here.
Found a ring mail and 7 stones.
No target in view!
A kobold comes into view. It is wielding a +0 dagger.
Found a stone staircase leading down.
The kobold hits you but does no damage.
You closely miss the kobold. The kobold hits you but does no damage.
You puncture the kobold!
You kill the kobold!
No target in view!
You see here a +1 leather armour of fire resistance.
f - a +1 leather armour of fire resistance You now have 103 gold pieces (gained 7).
You start removing your armour.
You continue taking off your +0 leather armour. x4
You finish taking off your +0 leather armour.
You start putting on your armour.
You continue putting on your +1 leather armour of fire resistance. x5
You finish putting on your +1 leather armour of fire resistance.
You feel resistant to fire.
Sigmund the Dreaded comes into view.
He is wielding a +1 scythe of freezing and carrying a wand of polymorph (13).
Sigmund is nearby!
Sigmund is nearby!
Found 15 gold pieces.
Sigmund shouts!
You hear a shout!
Sigmund hits you from afar with a +1 scythe of freezing!
Sigmund freezes you.
Sigmund points at you and mumbles some strange words.
You are confused.
You bump into the rock wall.
You bump into the rock wall.
Sigmund hits you from afar with a +1 scythe of freezing!
Ouch! That really hurt!
You die...

*,,,,,,,,,,,,,,,,,,*
#.##..######*,,***,* ****
#.##..#.....#,,* *,*
,,,**###*#*#.#*..#...#.#,,* *,*
,,,,,,....##.#*......#.#,,***,*
*,,,*#...#.#.#*#.#.....#..#,,,*
,*,,*#..#..#.# #.#.#...#..#,***
,,*,...#...#.###.#.#..##..#.#
,,,*,,#.......@.@........>#.# *##
**,,*#..##...###.#........#.###..
**,,**,,*#.### #.###.##.........#
,,,*,,*,...,* #...#.##.........#
,,*,,,,#...,***###.#............#
,*,,**..#..,,,,,,#.#####........#
*,,,*#...#.,****,#.........)....#
,,,,,....$#,* *,#######........#
,*,,*,,,,,,,* *,,,............(#


You could see Sigmund.

Vanquished Creatures
  4 giant cockroaches (D:1)
  A hobgoblin (D:1)
  2 kobolds
  2 bats (D:1)
  A frilled lizard (D:1)
10 creatures vanquished.

Notes
Turn   | Place    | Note
-------+----------+-------------------------------------------
     0 | D:1      | Newt the Demonspawn Gladiator began the quest for the Orb.
     0 | D:1      | Reached XP level 1. HP: 16/16 MP: 1/1
    72 | D:1      | Reached skill level 1 in Stealth
   143 | D:1      | Found Kica's Antique Weapon Shoppe.
   433 | D:1      | Gained mutation: You have a pair of small antennae on your
                  | head. [demonic ancestry]
   433 | D:1      | Reached XP level 2. HP: 12/22 MP: 2/2
  1164 | D:2      | Noticed Sigmund
  1173 | D:2      | Slain by Sigmund

Illustrated notes

Levels and vault maps discovered:
D:1:      saegor_arrival_simple_b, layout_basic, serial_shops,
          nicolae_shop_temple_entry_statues_fountains, minmay_pentomino_r2
D:2:      layout_basic, serial_corexii_hall, corexii_hall_statues_s,
          chequers_hall_statues_y, minmay_misc_feat_x,
          kennysheep_cluttered_room, minivault_26, uniq_sigmund

Skill      XL: |  1 |
---------------+----+-----
Stealth        | 1 |  1.8
Fighting       | |  2.0
Short Blades   | |  2.6
Throwing       | |  1.7
Dodging        | |  2.6

Action                   || total
-------------------------++-------
Melee: Rapier            ||    40
  Use: Scroll            ||     5
Armor: Leather armour    ||    14
Dodge: Dodged            ||    29

Table legend: (Time is in decaauts)
 A = Elapsed time spent in this place.
 B = Non-inter-level travel time spent in this place.
 C = Inter-level travel time spent in this place.
 D = Time resting spent in this place.
 E = Time spent auto-exploring this place.
 F = Levels seen in this place.
 G = Mean time per level.
                   A        B        C        D        E       F      G
               +--------+--------+--------+--------+--------+-----+--------+
         Total |   1175 |   1123 |     52 |    242 |    737 |   2 |  587.5 |
       Dungeon |   1175 |   1123 |     52 |    242 |    737 |   2 |  587.5 |
               +--------+--------+--------+--------+--------+-----+--------+

Top non-repeatable levels by time:
     D:1: 1038 daAuts
     D:2: 136 daAuts
